A - U25
LEXINGTON LEGENDS @ KANNAPOLIS INTIMIDATORS
06/26/2052
 
TOP OF THE 1ST
West Virginia Power batting - Pitching for Delmarva Shorebirds : RHP Ashton Thomas
Pitching: RHP Ashton Thomas
Batting: RHB Dalton Denton 0-0: Ball
1-0: Foul Ball, location: 2F
1-1: SINGLE (Groundball, 34D, EV 101.9 MPH)
Batting: RHB Kellen Kress 0-0: Called Strike
0-1: Ball
1-1: Ball
2-1: Ball
3-1: Fly out, F3 (Line Drive, 3, EV 70.6 MPH)
Batting: RHB Arturo Mejia 0-0: Ball
1-0: Foul Ball, location: 2F
1-1: Fly out, F8 (Flyball, 8LM, EV 77.5 MPH)
Batting: LHB Trent Mellen 0-0: Called Strike
0-1: Called Strike
0-2: Foul Ball, location: 2F
0-2: Ball
1-2: Ground out U3 (Groundball, 3, EV 86.9 MPH)
Top of the 1st over - 0 runs, 1 hit, 0 errors, 1 left on base; West Virginia 0 - Delmarva 0
BOTTOM OF THE 1ST
Delmarva Shorebirds batting - Pitching for West Virginia Power : LHP Chase Blain
Pitching: LHP Chase Blain
Batting: RHB Josh Moore 0-0: Called Strike
0-1: Swinging Strike
0-2: Ball
1-2: Ball
2-2: Foul Ball, location: 2F
2-2: Foul Ball, location: 2F
2-2: SINGLE (Groundball, 25, EV 68.1 MPH) (infield hit)
Batting: RHB Santiago Luis 0-0: Ball
1-0: Fly out, F4 (Popup, 3D, EV 66.9 MPH)
Batting: RHB Andrew Mahoney 0-0: Called Strike
0-1: Foul Ball, location: 2F
0-2: Foul Ball, location: 2F
0-2: Ball
1-2: Foul Ball, location: 2F
1-2: Strikes out swinging
Batting: RHB Josh Reeves 0-0: Called Strike
0-1: Ball
1-1: Ball
2-1: Ground out 5-3 (Groundball, 56S, EV 85.6 MPH)
Bottom of the 1st over - 0 runs, 1 hit, 0 errors, 1 left on base; West Virginia 0 - Delmarva 0
TOP OF THE 2ND
West Virginia Power batting - Pitching for Delmarva Shorebirds : RHP Ashton Thomas
Batting: RHB Keyon Bellamy 0-0: Called Strike
0-1: Foul Ball, location: 2F
0-2: Ball
1-2: Ball
2-2: Fly out, F8 (Line Drive, 8LD, EV 91.2 MPH)
Batting: LHB Ollie Bone 0-0: Ball
1-0: Foul Ball, location: 2F
1-1: Called Strike
1-2: Ground out 3-1 (Groundball, 34, EV 108.1 MPH)
Batting: RHB Hayden Rushdie 0-0: Ball
1-0: Swinging Strike
1-1: Called Strike
1-2: Fly out, F8 (Flyball, 78XD, EV 96.2 MPH)
Top of the 2nd over - 0 runs, 0 hits, 0 errors, 0 left on base; West Virginia 0 - Delmarva 0
BOTTOM OF THE 2ND
Delmarva Shorebirds batting - Pitching for West Virginia Power : LHP Chase Blain
Batting: RHB Lowell Marquez 0-0: Called Strike
0-1: Swinging Strike
0-2: Ball
1-2: Strikes out looking
Batting: RHB Mark Young 0-0: Ball
1-0: Called Strike
1-1: Foul Ball, location: 2F
1-2: Ball
2-2: Foul Ball, location: 2F
2-2: Strikes out swinging
Batting: RHB Porfirio Rodriguez 0-0: Ball
1-0: Called Strike
1-1: Foul Ball, location: 2F
1-2: Foul Ball, location: 2F
1-2: Fly out, F7 (Flyball, 7LM, EV 97.5 MPH)
Bottom of the 2nd over - 0 runs, 0 hits, 0 errors, 0 left on base; West Virginia 0 - Delmarva 0
TOP OF THE 3RD
West Virginia Power batting - Pitching for Delmarva Shorebirds : RHP Ashton Thomas
Batting: LHB Paxton Butler 0-0: Ball
1-0: Ball
2-0: SINGLE (Groundball, 4D, EV 105.6 MPH)
Batting: RHB Will Fontenot 0-0: Called Strike
0-1: Ball
1-1: Ball
2-1: Fly out, F8 (Line Drive, 8RD, EV 100.6 MPH)
Batting: RHB Dalton Denton 0-0: Fly out, F9 (Flyball, 89S, EV 87.5 MPH)
Batting: RHB Kellen Kress 0-0: Ball
1-0: Ball
2-0: Foul Ball, location: 2F
2-1: Fly out, F8 (Flyball, 8LD, EV 105.0 MPH)
Top of the 3rd over - 0 runs, 1 hit, 0 errors, 1 left on base; West Virginia 0 - Delmarva 0
BOTTOM OF THE 3RD
Delmarva Shorebirds batting - Pitching for West Virginia Power : LHP Chase Blain
Batting: RHB Jonathan Esten 0-0: Ball
1-0: SINGLE (Line Drive, 8RS, EV 95.0 MPH)
Batting: RHB Jeremiah Rich 0-0: Foul Ball, location: 2F
0-1: Swinging Strike
0-2: SINGLE (Flyball, 34D, EV 83.8 MPH)
Jonathan Esten to second
Batting: RHB Josh Moore 0-0: Fly out, F7 (Flyball, 7S, EV 85.0 MPH)
Batting: RHB Santiago Luis 0-0: Called Strike
0-1: Fielders Choice at 2nd, 5-4 (Groundball, 56S, EV 86.2 MPH)
Jonathan Esten to third
Batting: RHB Andrew Mahoney 0-0: Ball
1-0: Foul Ball, location: 2F
1-1: Reached on error, E6 (Groundball, 56, EV 81.9 MPH)
Jonathan Esten scores
Santiago Luis to second
Batting: RHB Josh Reeves 0-0: Called Strike
0-1: Ball
1-1: Called Strike
1-2: Foul Ball, location: 2F
1-2: Ball
2-2: Foul Ball, location: 2F
2-2: Strikes out swinging
Bottom of the 3rd over - 1 run, 2 hits, 1 error, 2 left on base; West Virginia 0 - Delmarva 1
TOP OF THE 4TH
West Virginia Power batting - Pitching for Delmarva Shorebirds : RHP Ashton Thomas
Batting: RHB Arturo Mejia 0-0: Called Strike
0-1: Ball
1-1: Called Strike
1-2: Ball
2-2: Foul Ball, location: 2F
2-2: Fly out, F4 (Flyball, 34D, EV 94.4 MPH)
Batting: LHB Trent Mellen 0-0: Fly out, F9 (Flyball, 9D, EV 101.9 MPH)
Batting: RHB Keyon Bellamy 0-0: Ball
1-0: Called Strike
1-1: Ball
2-1: Ball
3-1: Base on Balls
Batting: LHB Ollie Bone 0-0: Called Strike
0-1: Foul Ball, location: 2F
0-2: Fly out, F7 (Line Drive, 7, EV 95.6 MPH)
Top of the 4th over - 0 runs, 0 hits, 0 errors, 1 left on base; West Virginia 0 - Delmarva 1
BOTTOM OF THE 4TH
Delmarva Shorebirds batting - Pitching for West Virginia Power : LHP Chase Blain
Batting: RHB Lowell Marquez 0-0: Called Strike
0-1: SINGLE (Line Drive, 6MD, EV 96.9 MPH)
Batting: RHB Mark Young 0-0: Fly out, F7 (Line Drive, 7, EV 86.2 MPH)
Batting: RHB Porfirio Rodriguez 0-0: Ball
1-0: Reached on error, E1 (Groundball, 13S, EV 77.5 MPH)
Lowell Marquez to second
Batting: RHB Jonathan Esten 0-0: Called Strike
0-1: Foul Ball, location: 2F
0-2: Foul Ball, location: 2F
0-2: Ball
1-2: Foul Ball, location: 2F
1-2: Ball
2-2: Foul Ball, location: 2F
2-2: Ball
3-2: SINGLE (Groundball, 13S, EV 72.5 MPH) (infield hit)
Lowell Marquez to third
Porfirio Rodriguez to second
Batting: RHB Jeremiah Rich 0-0: Hit by Pitch
Lowell Marquez scores
Porfirio Rodriguez to third
Jonathan Esten to second
Batting: RHB Josh Moore 0-0: Called Strike
0-1: Foul Ball, location: 2F
0-2: Strikes out swinging
Batting: RHB Santiago Luis 0-0: Called Strike
0-1: Foul Ball, location: 2F
0-2: Ball
1-2: Foul Ball, location: 2F
1-2: Ball
2-2: Foul Ball, location: 2F
2-2: SINGLE (Line Drive, 6M, EV 95.0 MPH)
Porfirio Rodriguez scores
Jonathan Esten to third
Jeremiah Rich to second
Runner from 3rd tries for Home, SAFE, throw by CF to home
Batting: RHB Andrew Mahoney 0-0: Ball
1-0: Fielders Choice at 2nd, 6-4 (Groundball, 6, EV 104.4 MPH)
Bottom of the 4th over - 3 runs, 3 hits, 1 error, 2 left on base; West Virginia 0 - Delmarva 4
TOP OF THE 5TH
West Virginia Power batting - Pitching for Delmarva Shorebirds : RHP Ashton Thomas
Batting: RHB Hayden Rushdie 0-0: Swinging Strike
0-1: Ball
1-1: Ball
2-1: Ball
3-1: Foul Ball, location: 2F
3-2: Base on Balls
Batting: LHB Paxton Butler 0-0: Called Strike
0-1: Ball
1-1: Swinging Strike
1-2: Ball
2-2: Strikes out swinging
Batting: RHB Will Fontenot 0-0: Ball
1-0: Swinging Strike
1-1: Swinging Strike
1-2: Ball
2-2: Foul Ball, location: 2F
2-2: Strikes out swinging
Batting: RHB Dalton Denton 0-0: Called Strike
0-1: Foul Ball, location: 2F
0-2: Foul Ball, location: 2F
0-2: Ball
1-2: Strikes out looking
Top of the 5th over - 0 runs, 0 hits, 0 errors, 1 left on base; West Virginia 0 - Delmarva 4
BOTTOM OF THE 5TH
Delmarva Shorebirds batting - Pitching for West Virginia Power : LHP Chase Blain
Batting: RHB Josh Reeves 0-0: Foul Ball, location: 2F
0-1: Ball
1-1: SINGLE (Groundball, 56D, EV 106.9 MPH)
Batting: RHB Lowell Marquez 0-0: Ball
1-0: Called Strike
1-1: Ball
Josh Reeves steals 2nd base (no throw)
2-1: Called Strike
2-2: Reached on error, E5 (Groundball, 5, EV 107.5 MPH)
Josh Reeves scores
Pitching: RHP Grayson Saenz
Batting: RHB Mark Young 0-0: Ball
1-0: Called Strike
1-1: Ball
2-1: Called Strike
2-2: Strikes out swinging
Batting: RHB Porfirio Rodriguez 0-0: Swinging Strike
0-1: Ball
1-1: Reached on error, E6 (Groundball, 6, EV 101.9 MPH)
Lowell Marquez to third
Batting: RHB Jonathan Esten 0-0: Foul Ball, location: 2F
0-1: Ball
1-1: Fielders Choice at 2nd, 6-4 (Groundball, 6, EV 88.8 MPH)
Lowell Marquez scores
Batting: RHB Jeremiah Rich 0-0: Ground out 6-3 (Groundball, 6MS, EV 88.1 MPH)
Bottom of the 5th over - 2 runs, 1 hit, 2 errors, 1 left on base; West Virginia 0 - Delmarva 6
TOP OF THE 6TH
West Virginia Power batting - Pitching for Delmarva Shorebirds : RHP Ashton Thomas
Batting: RHB Kellen Kress 0-0: Called Strike
0-1: Foul Ball, location: 2F
0-2: DOUBLE (Groundball, 3L, EV 105.6 MPH)
Batting: RHB Arturo Mejia 0-0: Ball
Kellen Kress is caught stealing 3rd base 2-5
1-0: Called Strike
1-1: Foul Ball, location: 2F
1-2: Ball
2-2: Foul Ball, location: 2F
2-2: Ball
3-2: Ground out 6-3 (Groundball, 6, EV 85.0 MPH)
Batting: LHB Trent Mellen 0-0: Ball
1-0: Swinging Strike
1-1: Fly out, F8 (Flyball, 8RD, EV 100.6 MPH)
Top of the 6th over - 0 runs, 1 hit, 0 errors, 0 left on base; West Virginia 0 - Delmarva 6
BOTTOM OF THE 6TH
Delmarva Shorebirds batting - Pitching for West Virginia Power : RHP Grayson Saenz
Batting: RHB Josh Moore 0-0: Ball
1-0: SINGLE (Groundball, 6S, EV 66.9 MPH) (infield hit)
Batting: RHB Santiago Luis 0-0: Called Strike
0-1: Fly out, F7 (Flyball, 78M, EV 85.6 MPH)
Batting: RHB Andrew Mahoney 0-0: Called Strike
0-1: Ball
1-1: Foul Ball, location: 2F
1-2: Grounds into double play, 6-4-3 (Groundball, 6, EV 83.8 MPH)
Bottom of the 6th over - 0 runs, 1 hit, 0 errors, 0 left on base; West Virginia 0 - Delmarva 6
TOP OF THE 7TH
West Virginia Power batting - Pitching for Delmarva Shorebirds : RHP Ashton Thomas
Batting: RHB Keyon Bellamy 0-0: Called Strike
0-1: Called Strike
0-2: SINGLE (Groundball, 6D, EV 103.1 MPH)
Batting: LHB Ollie Bone 0-0: Called Strike
0-1: Grounds into double play, 4-6-3 (Groundball, 4, EV 91.9 MPH)
Batting: RHB Hayden Rushdie 0-0: Ball
1-0: Called Strike
1-1: Called Strike
1-2: Ground out 5-3 (Groundball, 5, EV 91.2 MPH)
Top of the 7th over - 0 runs, 1 hit, 0 errors, 0 left on base; West Virginia 0 - Delmarva 6
BOTTOM OF THE 7TH
Delmarva Shorebirds batting - Pitching for West Virginia Power : RHP Grayson Saenz
Batting: RHB Josh Reeves 0-0: Ball
1-0: Foul Ball, location: 2F
1-1: Called Strike
1-2: Foul Ball, location: 2F
1-2: Strikes out swinging
Batting: RHB Lowell Marquez 0-0: Ball
1-0: Ball
2-0: Ball
3-0: Called Strike
3-1: Foul Ball, location: 2F
3-2: Foul Ball, location: 2F
3-2: Foul Ball, location: 2F
3-2: Fly out, F7 (Flyball, 7, EV 95.0 MPH)
Batting: RHB Mark Young 0-0: Ball
1-0: Foul Ball, location: 2F
1-1: Called Strike
1-2: Ball
2-2: Strikes out swinging
Bottom of the 7th over - 0 runs, 0 hits, 0 errors, 0 left on base; West Virginia 0 - Delmarva 6
TOP OF THE 8TH
West Virginia Power batting - Pitching for Delmarva Shorebirds : RHP Ashton Thomas
Pitching: RHP Bob Litfin
Batting: LHB Paxton Butler 0-0: Swinging Strike
0-1: Swinging Strike
0-2: Foul Ball, location: 2F
0-2: Ball
1-2: Ball
2-2: Strikes out swinging
Batting: RHB Will Fontenot 0-0: Swinging Strike
0-1: Called Strike
0-2: Strikes out swinging
Batting: RHB Dalton Denton 0-0: SINGLE (Groundball, P, EV 86.9 MPH) (infield hit)
Batting: RHB Kellen Kress 0-0: Called Strike
0-1: Foul Ball, location: 2F
0-2: Ball
1-2: Strikes out swinging
Top of the 8th over - 0 runs, 1 hit, 0 errors, 1 left on base; West Virginia 0 - Delmarva 6
BOTTOM OF THE 8TH
Delmarva Shorebirds batting - Pitching for West Virginia Power : RHP Grayson Saenz
Batting: RHB Porfirio Rodriguez 0-0: Ball
1-0: Foul Ball, location: 2F
1-1: Hit by Pitch
Batting: RHB Jonathan Esten 0-0: Called Strike
0-1: Ball
1-1: Foul Ball, location: 2F
1-2: Foul Ball, location: 2F
1-2: Fielders Choice at 2nd, 5-4 (Groundball, 5L, EV 95.0 MPH)
Batting: RHB Jeremiah Rich 0-0: Ball
1-0: DOUBLE (Line Drive, 78D, EV 113.8 MPH)
Jonathan Esten to third
Batting: RHB Josh Moore 0-0: Called Strike
0-1: DOUBLE (Flyball, 78D, EV 102.5 MPH)
Jonathan Esten scores
Jeremiah Rich scores
Batting: RHB Santiago Luis 0-0: Called Strike
0-1: Ball
1-1: Foul Ball, location: 2F
1-2: Ground out U3 (Groundball, 3, EV 109.4 MPH)
Josh Moore to third
Pinch Hitting: RHB Brian Huffman 0-0: Ball
1-0: Swinging Strike
1-1: SINGLE (Line Drive, 8RS, EV 100.6 MPH)
Josh Moore scores
Batting: RHB Josh Reeves 0-0: Ball
1-0: Fielders Choice at 2nd, 6-4 (Groundball, 6, EV 106.2 MPH)
Bottom of the 8th over - 3 runs, 3 hits, 0 errors, 1 left on base; West Virginia 0 - Delmarva 9
TOP OF THE 9TH
West Virginia Power batting - Pitching for Delmarva Shorebirds : RHP Bob Litfin
Now in RF: Brian Huffman
Pinch Hitting: SHB Felix Silva 0-0: Called Strike
0-1: Swinging Strike
0-2: Ball
1-2: Strikes out swinging
Batting: LHB Trent Mellen 0-0: Ball
1-0: Ball
2-0: Called Strike
2-1: Swinging Strike
2-2: Strikes out swinging
Batting: RHB Keyon Bellamy 0-0: Ball
1-0: Ball
2-0: Foul Ball, location: 2F
2-1: Ball
3-1: Base on Balls
Batting: LHB Ollie Bone 0-0: Called Strike
0-1: Ball
1-1: Ball
2-1: Foul Ball, location: 2F
2-2: Ground out 4-3 (Groundball, 34, EV 86.2 MPH)
Top of the 9th over - 0 runs, 0 hits, 0 errors, 1 left on base; West Virginia 0 - Delmarva 9
Friday, April 26th , 2024 - OOTP Baseball 24.11 Build 85